 Dungeon Crawl Stone Soup version 0.24-a0-282-g1a68c911f0 (webtiles) character file.

Game seed: 17489003105029670024

317 Redear the Shield-Bearer (level 6, -3/49 HPs)
             Began as a Formicid Fighter on May 2, 2019.
             Killed by divine providence
             ... invoked by an orc priest
              (13 damage)
             ... on level 3 of the Dungeon.
             The game lasted 00:05:23 (3891 turns).

Redear the Shield-Bearer (Formicid Fighter)         Turns: 3891, Time: 00:05:24

Health: -3/49      AC:  7    Str: 22    XL:     6   Next: 73%
Magic:  6/6        EV:  9    Int:  8    God:
Gold:   133        SH:  5    Dex: 10    Spells: 5/5 levels left

rFire    . . .     SeeInvis +   f - +3 short sword
rCold    . . .     Gourm    .   l - +0 buckler
rNeg     . . .     Faith    .   b - +0 scale mail
rPois    .         Spirit   .   (helmet unavailable)
rElec    .         Reflect  .   k - scarf {cloud immunity}
rCorr    .         Harm     .   (no gloves)
MR       .....                  (no boots)
Stlth    ..........             (no amulet)
HPRegen  0.16/turn              (no ring)
MPRegen  0.10/turn              (no ring)

@: flying
A: permanent stasis, dig shafts and tunnels, four strong arms, antennae 3
a: Dig, Shaft Self


You were on level 3 of the Dungeon.
You were hungry.

You visited 1 branch of the dungeon, and saw 3 of its levels.

You collected 133 gold pieces.

Inventory:

Hand Weapons
 a - a +0 war axe
 f - a +3 short sword (weapon)
Missiles
 Z - a throwing net (quivered) {+f}
Armour
 b - a +0 scale mail (worn)
 c - a +0 shield
 k - a scarf of cloud immunity (worn)
 l - a +0 buckler (worn)
Jewellery
 q - an uncursed ring of magical power {unknown}
Wands
 I - a wand of iceblast (6)
Scrolls
 e - a scroll of enchant weapon {unknown}
 g - 5 scrolls of identify {unknown}
 j - 7 scrolls of teleportation {unknown}
 n - 2 scrolls of random uselessness {unknown}
 r - 2 scrolls of amnesia {unknown}
Potions
 m - a potion of cancellation {unknown}
 o - a potion of haste {unknown}
 p - a potion of resistance {rF+ rC+ rPois rElec rCorr}
Comestibles
 z - 6 rations


   Skills:
 + Level 4.7 Fighting
 + Level 3.7 Axes
 + Level 4.7 Armour
 + Level 5.2 Shields


You had 5 spell levels left.
You didn't know any spells.
Your spell library was empty.

Dungeon Overview and Level Annotations

Branches:
Dungeon (3/15)

Altars:
Cheibriados
Nemelex Xobeh
Uskayaw
Zin


Innate Abilities, Weirdness & Mutations

You cannot be hasted, slowed, berserked, paralysed or teleported.
You can dig through walls and to a lower floor.
Your four strong arms can wield two-handed weapons with a shield.
You have a pair of large antennae on your head. (SInv)


Message History

You are too injured to fight recklessly!
You are too injured to fight recklessly!
You are too injured to fight recklessly!
You are too injured to fight recklessly!
You are too injured to fight recklessly!
You are too injured to fight recklessly!
You are too injured to fight recklessly!
Unknown command.
Unknown command.
Unknown command.
Unknown command.
It was a potion of flight.
You feel very buoyant.
You fly up into the air.
The goblin hits you but does no damage. The orc hits you with a +0 club.
* * * LOW HITPOINT WARNING * * *
The orc hits you but does no damage.
The orc priest mumbles some strange prayers to Beogh against you.
Beogh smites you!
You die...

.......#.### #.###########)####
....##.#.#######'#...............
.........##...........##.........
....##.####.....(................
.##.##.# #............#.........
.##.##.# #.....)......#.........
.##.#### #............#.........
.##...# #............#.........
.##...# #....o@g.....#.........
.##...# #....o)g.....#.........
......### ######'#######.........
.#......# .o. #.........
.#....(.# ...# #.........
.#......# ....# #.########
.#......# ....' ...# ##..(...#
.....# .#.# ########


You could see an orc priest, 2 orcs and 2 goblins.

Vanquished Creatures
  An orc warrior (D:3)
  Jessica (D:3)
  An orc wizard (D:3)
  4 gnolls
  4 adders
  An ooze (D:1)
  2 worms (D:2)
  6 dart slugs
  A leopard gecko (D:2)
  9 orcs (D:3)
  2 giant cockroaches
  3 hobgoblins
  5 jackals (D:1)
  3 quokkas
  3 ball pythons
  5 bats (D:1)
  5 frilled lizards
  6 goblins
  8 kobolds
  9 rats
79 creatures vanquished.

Notes
Turn   | Place    | Note
-------+----------+-------------------------------------------
     0 | D:1      | Redear the Formicid Fighter began the quest for the Orb.
     0 | D:1      | Reached XP level 1. HP: 18/18 MP: 1/1
   296 | D:1      | Reached XP level 2. HP: 24/24 MP: 2/2
   456 | D:1      | Reached XP level 3. HP: 28/29 MP: 3/3
   519 | D:1      | Reached skill level 4 in Shields
  1187 | D:2      | Reached XP level 4. HP: 37/37 MP: 4/4
  2374 | D:2      | Reached skill level 4 in Armour
  2395 | D:2      | Reached skill level 4 in Fighting
  2568 | D:2      | Found a sparkling altar of Nemelex Xobeh.
  2883 | D:3      | Reached XP level 5. HP: 41/42 MP: 5/5
  2953 | D:3      | Reached skill level 3 in Axes
  2962 | D:3      | Noticed an orc warrior
  3377 | D:3      | Killed an orc warrior
  3377 | D:3      | Reached skill level 5 in Shields
  3377 | D:3      | Reached XP level 6. HP: 26/49 MP: 6/6
  3748 | D:3      | Found a glowing silver altar of Zin.
  3748 | D:3      | Found a hide-covered altar of Uskayaw.
  3748 | D:3      | Noticed Jessica
  3754 | D:3      | Killed Jessica
  3756 | D:3      | Found a snail-covered altar of Cheibriados.
  3891 | D:3      | Killed from afar by an orc priest

Levels and vault maps discovered:
D:1:      dpeg_arrival_radiant, layout_basic, minmay_hedge_maze,
          minmay_misc_feat_doors, fountainhead, minmay_misc_feat_rugged
D:2:      layout_basic, minivault_26, nemelex_spade_bored_becter
D:3:      layout_basic, gammafunk_temple_overflow_claw, uniq_jessica

Skill      XL: |  1  2  3  4  5 |
---------------+----------------+-----
Shields        | 4 5 |  5.2
Armour         | 4 |  4.7
Fighting       | 4 |  4.7
Axes           | 3 |  3.7

Action                   |  1- 3 |  4- 6 || total
-------------------------+-------+-------++-------
Melee: War axe           |    86 |    62 ||   148
       Short sword       |       |    88 ||    88
Evoke: Wand              |       |     4 ||     4
  Use: Potion            |       |     5 ||     5
  Eat: Chunk             |       |     9 ||     9
Armor: Scale mail        |    61 |    48 ||   109
       Skin              |       |     3 ||     3
Dodge: Dodged            |    51 |    89 ||   140
Block: Buckler           |       |    35 ||    35

Table legend:
 A = Non-vault XP
 B = Vault XP
 C = Vault XP percentage of total XP
 D = Non-vault monster count
 E = Vault monster count
 F = Vault count percentage of total count
                 A         B        C        D         E       F
            +---------+---------+-------+---------+---------+-------
      Total |     416 |      37 |   8.2 |      78 |       1 |   1.3
            +---------+---------+-------+---------+---------+-------
        D:1 |      67 |       0 |   0.0 |      30 |       0 |   0.0
        D:2 |      59 |       0 |   0.0 |      24 |       0 |   0.0
        D:3 |     290 |      37 |  11.3 |      24 |       1 |   4.0
            +---------+---------+-------+---------+---------+-------
